Map: Blackpink LE

Players

IagoAbreu

  • Race: Terran Terran
  • League: Silver
  • Spawn Location: 7:00

Borrego - Winner!

  • Race: Zerg Zerg
  • League: Silver
  • Spawn Location: 1:00

VOD

Have the link to the VOD?

Description

Time

  • Played on: Feb. 28, 2018, 9:51 a.m.
  • Length: 7:38
Show
View Real Time Build Order
Export as new Build Order

IagoAbreu Terran 

Build Orders:  

Get SALT Encoding   

  12  0:01  SCV  
  13  0:17  Supply Depot  
  13  0:21  SCV  
  14  0:33  SCV  
  15  0:36  Supply Depot  
  15  0:46  Supply Depot  
  15  0:49  SCV  
  16  0:59  Supply Depot  
  17  1:10  Barracks  
  16  1:11  SCV  
  17  1:26  Engineering Bay  
  17  1:28  SCV  
  18  1:45  SCV  
  19  1:54  Barracks  
  19  1:59  Refinery  
  19  2:00  Refinery  
  19  2:07  Bunker  
  19  2:27  Orbital Command  
  19  2:32  Marine  
  20  2:50  Marine  
  20  2:51  Missile Turret  
  21  3:01  Marine, Missile Turret  
  22  3:13  Missile Turret  
  22  3:19  Marine  
  23  3:35  Barracks Reactor  
  23  3:52  Marine  
  24  4:15  Factory  
  24  4:51  Command Center  
  24  4:53  SCV  
  25  5:03  Barracks Reactor  
  25  5:05  SCV  
  21  5:17  SCV  
  22  5:26  Bunker  
  22  5:28  Bunker  
  22  5:29  SCV  
  23  5:36  Starport  
  21  5:45  Barracks Reactor  
  21  5:49  Supply Depot  
  21  5:56  SCV  
Show
View Real Time Build Order
Export as new Build Order

Borrego Zerg - Winner!

Build Orders: Pool First 

Get SALT Encoding   

  12  0:07  Overlord  
  12  0:13  Drone  
  13  0:19  Drone, Extractor  
  13  0:24  Drone  
  14  0:30  Drone  
  15  0:41  Drone  
  16  0:52  Spawning Pool  
  16  0:55  Drone  
  16  1:02  Drone  
  17  1:08  Extractor  
  16  1:13  Drone  
  17  1:23  Overlord  
  17  1:34  Drone  
  17  1:38  Metabolic Boost  
  18  1:43  Roach Warren  
  17  1:50  Queen  
  19  2:11  Drone x2  
  21  2:19  Drone  
  22  2:33  Hatchery  
  21  2:50  Roach x3  
  27  2:55  Evolution Chamber  
  26  2:58  Evolution Chamber  
  25  3:07  Roach x2  
  29  3:20  Overlord  
  29  3:34  Ravager  
  30  3:44  Queen  
  30  3:46  Drone  
  33  3:53  Zerg Ground Armor Level 1  
  33  3:54  Zerg Missile Weapons Level 1  
  33  4:00  Roach  
  35  4:15  Ravager  
  35  4:16  Ravager  
  37  4:21  Ravager  
  38  4:25  Zergling x6  
  38  4:28  Zergling x2  
  38  4:29  Zergling x4  
  44  4:40  Overlord x2  
  41  5:13  Zergling x2  
  41  5:14  Zergling x14  
  44  5:17  Zergling x4  
  51  5:24  Overlord  
  50  6:14  Zergling x12  
  50  6:15  Zergling x4  
  50  6:16  Zergling x2  
  59  7:16  Overlord x2  
  59  7:17  Overlord  
  59  7:18  Overlord x2  
  59  7:19  Overlord  
Tags
 
Add a new tag
Caveats
  • Supply blocks, unpowered buildings, or Contaminate may cause inaccurate times.
  • Supply counts are checked every 10 seconds.